Workbook
Name b_adresse_patients: [1]!coordonnees_1[Adresse]
Name c_adresses: Coordonnees!$C:$C
Name c_cp: Coordonnees!$D:$D
Name c_nom_parents: Coordonnees!$B:$B
Name c_nom_patients: Coordonnees!$A:$A
Name c_villes: Coordonnees!$E:$E
Name T_Novembre: Novembre!$A$2:$H$153

Sheet 11Fact
A1: =I3 -> A7 | E1: ="Patient : "&I13 -> Patient : A13
A2: =I4 -> 7 rue des Plants pourpre | I2: Cabinet
A3: =I5 -> 1 | E3: =I15 -> Parent ou ESMS payeur : M13 | I3: A7
A4: =I6 -> 0 | E4: =I16 -> 0 | I4: =INDEX(coordonnees_1[ADRESSE],MATCH('11Fact'!I3,coordonnees_1[PATIENTS]),0) -> 7 rue des Plants pourpre
A5: =I7 -> 0 | E5: =I17 -> 1 | I5: =INDEX(coordonnees_1[CP],MATCH('11Fact'!$I$3,coordonnees_1[PATIENTS]),0) -> 1
A6: ="Siret : "&I8 -> Siret : 0 | E6: =I18 -> 0 | I6: =INDEX(coordonnees_1[VILLE],MATCH('11Fact'!$I$3,coordonnees_1[PATIENTS]),0) -> 0
A7: ="Adeli : "&I9 -> Adeli : 0 | I7: =INDEX(coordonnees_1[MAIL],MATCH('11Fact'!$I$3,coordonnees_1[PATIENTS]),0) -> 0
I8: =INDEX(coordonnees_1[SIRET],MATCH('11Fact'!$I$3,coordonnees_1[PATIENTS]),0) -> 0
I9: =INDEX(coordonnees_1[ADELI],MATCH('11Fact'!$I$3,coordonnees_1[PATIENTS]),0) -> 0
A10: Date de facture : | C10: =TODAY() -> 44903
I12: PATIENT
A13: NOTE D'HONORAIRES ACQUITTÉE EN PSYCHOMOTRICITÉ | F13: N° : | G13: =INDEX(Novembre!A2:A124,MATCH(I13,Novembre!C2:C124,0)) -> F1060 | I13: A13
I15: ="Parent ou ESMS payeur : "&INDEX(coordonnees_1[PARENTS],MATCH('11Fact'!I13,coordonnees_1[PATIENTS],0)) -> Parent ou ESMS payeur : M13
A16: Dates | C16: Actes | F16: Prix unitaire | H16: =COUNTIF((Novembre!A2:A124),'11Fact'!G13) -> 4 | I16: =INDEX(coordonnees_1[ADRESSE],MATCH('11Fact'!I13,coordonnees_1[PATIENTS],0)) -> 0
A17: {=IFERROR(INDEX(Novembre!B:B,SMALL(IF(Novembre!C$2:C$124='11Fact'!I$13,ROW(Novembre!C$2:C$124),""),ROW($A1))),"")} -> 44872 | C17: {=IFERROR(INDEX(Novembre!D:D,SMALL(IF(Novembre!C$2:C$124='11Fact'!I$13,ROW(Novembre!C$2:C$124),""),ROW($A1))),"")} -> Séance de 30 minutes | F17: {=IFERROR(INDEX(Novembre!E:E,SMALL(IF(Novembre!C$2:C$124='11Fact'!I$13,ROW(Novembre!C$2:C$124),""),ROW($A1))),"")} -> 35 | H17: 0 | I17: =INDEX(coordonnees_1[CP],MATCH('11Fact'!I13,coordonnees_1[PATIENTS],0)) -> 1
A18: {=IFERROR(INDEX(Novembre!B:B,SMALL(IF(Novembre!C$2:C$124='11Fact'!I$13,ROW(Novembre!C$2:C$124),""),ROW($A2))),"")} -> 44879 | C18: {=IFERROR(INDEX(Novembre!D:D,SMALL(IF(Novembre!C$2:C$124='11Fact'!I$13,ROW(Novembre!C$2:C$124),""),ROW($A2))),"")} -> Séance de 30 minutes | F18: {=IFERROR(INDEX(Novembre!E:E,SMALL(IF(Novembre!C$2:C$124='11Fact'!I$13,ROW(Novembre!C$2:C$124),""),ROW($A2))),"")} -> 35 | H18: =IF(H17="","",IF(H17+1>=$H$16,"",H17+1)) -> 1 | I18: =INDEX(coordonnees_1[VILLE],MATCH('11Fact'!I13,coordonnees_1[PATIENTS],0)) -> 0
A19: {=IFERROR(INDEX(Novembre!B:B,SMALL(IF(Novembre!C$2:C$124='11Fact'!I$13,ROW(Novembre!C$2:C$124),""),ROW($A3))),"")} -> 44886 | C19: {=IFERROR(INDEX(Novembre!D:D,SMALL(IF(Novembre!C$2:C$124='11Fact'!I$13,ROW(Novembre!C$2:C$124),""),ROW($A3))),"")} -> Séance de 30 minutes | F19: {=IFERROR(INDEX(Novembre!E:E,SMALL(IF(Novembre!C$2:C$124='11Fact'!I$13,ROW(Novembre!C$2:C$124),""),ROW($A3))),"")} -> 35 | H19: =IF(H18="","",IF(H18+1>=$H$16,"",H18+1)) -> 2
A20: {=IFERROR(INDEX(Novembre!B:B,SMALL(IF(Novembre!C$2:C$124='11Fact'!I$13,ROW(Novembre!C$2:C$124),""),ROW($A4))),"")} -> 44893 | C20: {=IFERROR(INDEX(Novembre!D:D,SMALL(IF(Novembre!C$2:C$124='11Fact'!I$13,ROW(Novembre!C$2:C$124),""),ROW($A4))),"")} -> Séance de 45 minutes | F20: {=IFERROR(INDEX(Novembre!E:E,SMALL(IF(Novembre!C$2:C$124='11Fact'!I$13,ROW(Novembre!C$2:C$124),""),ROW($A4))),"")} -> 45 | H20: =IF(H19="","",IF(H19+1>=$H$16,"",H19+1)) -> 3
A21: {=IFERROR(INDEX(Novembre!B:B,SMALL(IF(Novembre!C$2:C$124='11Fact'!I$13,ROW(Novembre!C$2:C$124),""),ROW($A5))),"")} | C21: {=IFERROR(INDEX(Novembre!D:D,SMALL(IF(Novembre!C$2:C$124='11Fact'!I$13,ROW(Novembre!C$2:C$124),""),ROW($A5))),"")} | F21: {=IFERROR(INDEX(Novembre!E:E,SMALL(IF(Novembre!C$2:C$124='11Fact'!I$13,ROW(Novembre!C$2:C$124),""),ROW($A5))),"")} | H21: =IF(H20="","",IF(H20+1>=$H$16,"",H20+1))
A22: {=IFERROR(INDEX(Novembre!B:B,SMALL(IF(Novembre!C$2:C$124='11Fact'!I$13,ROW(Novembre!C$2:C$124),""),ROW($A6))),"")} | C22: {=IFERROR(INDEX(Novembre!D:D,SMALL(IF(Novembre!C$2:C$124='11Fact'!I$13,ROW(Novembre!C$2:C$124),""),ROW($A6))),"")} | F22: {=IFERROR(INDEX(Novembre!E:E,SMALL(IF(Novembre!C$2:C$124='11Fact'!I$13,ROW(Novembre!C$2:C$124),""),ROW($A6))),"")} | H22: =IF(H21="","",IF(H21+1>=$H$16,"",H21+1)) | I22: ="Nom de l'enfant : "&I13&CHAR(13)&"Nom du/des parents : "&I15&CHAR(13)&I16&CHAR(13)&I17&I18 -> Nom de l'enfant : A13_x000D_Nom du/des parents : Parent ou ESMS payeur : M13_x000D_0_x000D_10
A23: {=IFERROR(INDEX(Novembre!B:B,SMALL(IF(Novembre!C$2:C$124='11Fact'!I$13,ROW(Novembre!C$2:C$124),""),ROW($A7))),"")} | C23: {=IFERROR(INDEX(Novembre!D:D,SMALL(IF(Novembre!C$2:C$124='11Fact'!I$13,ROW(Novembre!C$2:C$124),""),ROW($A7))),"")} | F23: {=IFERROR(INDEX(Novembre!E:E,SMALL(IF(Novembre!C$2:C$124='11Fact'!I$13,ROW(Novembre!C$2:C$124),""),ROW($A7))),"")} | H23: =IF(H22="","",IF(H22+1>=$H$16,"",H22+1))
A24: {=IFERROR(INDEX(Novembre!B:B,SMALL(IF(Novembre!C$2:C$124='11Fact'!I$13,ROW(Novembre!C$2:C$124),""),ROW($A8))),"")} | C24: {=IFERROR(INDEX(Novembre!D:D,SMALL(IF(Novembre!C$2:C$124='11Fact'!I$13,ROW(Novembre!C$2:C$124),""),ROW($A8))),"")} | F24: {=IFERROR(INDEX(Novembre!E:E,SMALL(IF(Novembre!C$2:C$124='11Fact'!I$13,ROW(Novembre!C$2:C$124),""),ROW($A8))),"")} | H24: =IF(H23="","",IF(H23+1>=$H$16,"",H23+1))
A25: {=IFERROR(INDEX(Novembre!B:B,SMALL(IF(Novembre!C$2:C$124='11Fact'!I$13,ROW(Novembre!C$2:C$124),""),ROW($A9))),"")} | C25: {=IFERROR(INDEX(Novembre!D:D,SMALL(IF(Novembre!C$2:C$124='11Fact'!I$13,ROW(Novembre!C$2:C$124),""),ROW($A9))),"")} | F25: {=IFERROR(INDEX(Novembre!E:E,SMALL(IF(Novembre!C$2:C$124='11Fact'!I$13,ROW(Novembre!C$2:C$124),""),ROW($A9))),"")} | H25: =IF(H24="","",IF(H24+1>=$H$16,"",H24+1))
A26: {=IFERROR(INDEX(Novembre!B:B,SMALL(IF(Novembre!C$2:C$124='11Fact'!I$13,ROW(Novembre!C$2:C$124),""),ROW($A10))),"")} | C26: {=IFERROR(INDEX(Novembre!D:D,SMALL(IF(Novembre!C$2:C$124='11Fact'!I$13,ROW(Novembre!C$2:C$124),""),ROW($A10))),"")} | F26: {=IFERROR(INDEX(Novembre!E:E,SMALL(IF(Novembre!C$2:C$124='11Fact'!I$13,ROW(Novembre!C$2:C$124),""),ROW($A10))),"")} | H26: =IF(H25="","",IF(H25+1>=$H$16,"",H25+1))
A27: {=IFERROR(INDEX(Novembre!B:B,SMALL(IF(Novembre!C$2:C$124='11Fact'!I$13,ROW(Novembre!C$2:C$124),""),ROW($A11))),"")} | C27: {=IFERROR(INDEX(Novembre!D:D,SMALL(IF(Novembre!C$2:C$124='11Fact'!I$13,ROW(Novembre!C$2:C$124),""),ROW($A11))),"")} | F27: {=IFERROR(INDEX(Novembre!E:E,SMALL(IF(Novembre!C$2:C$124='11Fact'!I$13,ROW(Novembre!C$2:C$124),""),ROW($A11))),"")} | H27: =IF(H26="","",IF(H26+1>=$H$16,"",H26+1))
C30: Montant total : | F30: =SUM(F17:G27) -> 150
C31: TVA non applicable, art. 293 B du CGI
A33: Je soussigné xx certifie que la/les séance(s) ci-dessus est/sont entièrement réglée(s) par la famille.

Sheet Coordonnees
A1: PATIENTS | B1: PARENTS | C1: ADRESSE | D1: CP | E1: VILLE | F1: NUM1 | G1: NUM2 | H1: MAIL | I1: SIRET | J1: ADELI
A2: A1 | B2: M1 | D2: 1
A3: A2 | B3: M2 | C3: 32 Avenue de la constellation | D3: 1
A4: A3 | B4: M3 | D4: 1
A5: A4 | B5: M4 | C5: 19, rue de Vincourt, | D5: 1
A6: A5 | B6: M5 | D6: 1
A7: A6 | B7: M6 | D7: 1
A8: A7 | B8: M7 | C8: 24 boulevard de l'Évasion | D8: 1
A9: A8 | B9: M8 | C9: 1 Clos de la Saussaye | D9: 1
A10: A9 | B10: M9 | D10: 1
A11: A10 | B11: M10 | D11: 1
A12: A11 | B12: M11 | D12: 1
A13: A12 | B13: M12 | C13: 37 rue de Gisors | D13: 1
A14: A13 | B14: M13 | D14: 1
A15: A14 | B15: M14 | D15: 1
A16: A15 | B16: M15 | C16: 1 rue résidence du Vaux varois | D16: 1
A17: A16 | B17: M16 | D17: 1
A18: A17 | B18: M17 | D18: 1
A19: A18 | B19: M18 | C19: 4 rue de la boissellerie | D19: 1
A20: A19 | B20: M19 | C20: 1 rue des châtaigniers | D20: 1
A21: A20 | B21: M20 | C21: 58 allée des Gros Saule | D21: 1
A22: A21 | B22: M21 | C22: 2, clos du matin | D22: 1
A23: A22 | B23: M22 | D23: 1
A24: A23 | B24: M23 | D24: 1
A25: A24 | B25: M24 | D25: 1
A26: A25 | B26: M25 | D26: 1
A27: A26 | B27: M26 | D27: 1
A28: A27 | B28: M27 | D28: 1
A29: A28 | B29: M28 | D29: 1
A30: A29 | B30: M29 | C30: 12 Place Des Colonnes Hubert Renault | D30: 1
A31: A30 | B31: M30 | C31: 8 Les larris | D31: 1
A32: A31 | B32: M31 | D32: 1
A33: A32 | B33: M32 | D33: 1
A34: A33 | B34: M33 | D34: 1
A35: A34 | B35: M34 | D35: 1
A36: A35 | B36: M35 | D36: 1
A37: A36 | B37: M36 | C37: 19, rue de Vincourt | D37: 1
A38: A37 | B38: M37 | C38: 16 boulevard des Merveilles | D38: 1
A39: A38 | B39: M38 | C39: 43, avenue de la belle heaumiere | D39: 1
A40: A39 | B40: M39 | C40: 24, rue Jean Jaurès | D40: 1
A41: A40 | B41: M40 | D41: 1
A42: A41 | B42: M41 | D42: 1
A43: A42 | B43: M42 | D43: 1
A44: A43 | B44: M43 | C44: 45 Rue de l'Aubépine | D44: 1
A45: A44 | B45: M44 | C45: 18 place des genottes | D45: 1
A46: A45 | B46: M45 | C46: 7 rue des Plants pourpre | D46: 1

Sheet Novembre
A1: N_FACT | B1: DATE | C1: NOM_PATIENT | D1: LIBELLE | E1: MONTANT | F1: STATUT | G1: MODE_ENCAISSEMENT | H1: DATE_REGLEMENT
A2: F1064 | B2: 44866 | C2: A32 | D2: Séance de 30 minutes | E2: =INDEX(Données!$C$5:$C$13,MATCH(Novembre!D2,Données!$B$5:$B$13,0)) -> 35 | F2: Payée | G2: Virement | H2: 44895
A3: F1044 | B3: 44866 | C3: A17 | D3: Séance de 45 minutes | E3: =INDEX(Données!$C$5:$C$13,MATCH(Novembre!D3,Données!$B$5:$B$13,0)) -> 45 | F3: Payée
A4: F1045 | B4: 44866 | C4: A2 | D4: Séance de 30 minutes | E4: =INDEX(Données!$C$5:$C$13,MATCH(Novembre!D4,Données!$B$5:$B$13,0)) -> 35 | F4: Payée
A5: F1046 | B5: 44866 | C5: A12 | D5: Séance de 45 minutes | E5: =INDEX(Données!$C$5:$C$13,MATCH(Novembre!D5,Données!$B$5:$B$13,0)) -> 45 | F5: Payée
A6: F1047 | B6: 44866 | C6: A33 | D6: Séance de 30 minutes | E6: =INDEX(Données!$C$5:$C$13,MATCH(Novembre!D6,Données!$B$5:$B$13,0)) -> 35 | F6: Payée
A7: F1048 | B7: 44867 | C7: A19 | D7: Séance de 45 minutes | E7: =INDEX(Données!$C$5:$C$13,MATCH(Novembre!D7,Données!$B$5:$B$13,0)) -> 45 | F7: Dûe
A8: F1049 | B8: 44867 | C8: A25 | D8: Séance de 45 minutes | E8: =INDEX(Données!$C$5:$C$13,MATCH(Novembre!D8,Données!$B$5:$B$13,0)) -> 45 | F8: Payée | G8: Chèque | H8: 44896
A9: F1050 | B9: 44867 | C9: A31 | D9: Séance de 30 minutes | E9: =INDEX(Données!$C$5:$C$13,MATCH(Novembre!D9,Données!$B$5:$B$13,0)) -> 35 | F9: Dûe
A10: F1068 | B10: 44867 | C10: A27 | D10: Séance de 45 minutes | E10: =INDEX(Données!$C$5:$C$13,MATCH(Novembre!D10,Données!$B$5:$B$13,0)) -> 45 | F10: Payée | G10: Virement | H10: 44900
A11: F1052 | B11: 44867 | C11: A11 | D11: Séance de 45 minutes | E11: =INDEX(Données!$C$5:$C$13,MATCH(Novembre!D11,Données!$B$5:$B$13,0)) -> 45 | F11: Payée | M11: Étiquettes de lignes
A12: F1053 | B12: 44869 | C12: A37 | D12: Séance de 45 minutes | E12: =INDEX(Données!$C$5:$C$13,MATCH(Novembre!D12,Données!$B$5:$B$13,0)) -> 45 | F12: Payée | G12: Virement | H12: 44900 | M12: A1
A13: F1054 | B13: 44869 | C13: A5 | D13: Séance de 45 minutes | E13: =INDEX(Données!$C$5:$C$13,MATCH(Novembre!D13,Données!$B$5:$B$13,0)) -> 45 | F13: Dûe | M13: Total général
A14: F1077 | B14: 44869 | C14: A7 | D14: Séance de 30 minutes | E14: =INDEX(Données!$C$5:$C$13,MATCH(Novembre!D14,Données!$B$5:$B$13,0)) -> 35 | F14: Payée | G14: Chèque | H14: 44897
A15: F1057 | B15: 44872 | C15: A23 | D15: Séance de 30 minutes | E15: =INDEX(Données!$C$5:$C$13,MATCH(Novembre!D15,Données!$B$5:$B$13,0)) -> 35 | F15: Payée
A16: F1058 | B16: 44872 | C16: A8 | D16: Séance de 45 minutes | E16: =INDEX(Données!$C$5:$C$13,MATCH(Novembre!D16,Données!$B$5:$B$13,0)) -> 45 | F16: Dûe
A17: F1059 | B17: 44872 | C17: A24 | D17: Séance de 45 minutes | E17: =INDEX(Données!$C$5:$C$13,MATCH(Novembre!D17,Données!$B$5:$B$13,0)) -> 45 | F17: Payée | G17: Virement | H17: 44900
A18: F1060 | B18: 44872 | C18: A13 | D18: Séance de 30 minutes | E18: =INDEX(Données!$C$5:$C$13,MATCH(Novembre!D18,Données!$B$5:$B$13,0)) -> 35 | F18: Dûe
A19: F1061 | B19: 44872 | C19: A28 | D19: Séance de 45 minutes | E19: =INDEX(Données!$C$5:$C$13,MATCH(Novembre!D19,Données!$B$5:$B$13,0)) -> 45 | F19: Payée | G19: Virement | H19: 44900
A20: F1062 | B20: 44872 | C20: A38 | D20: Séance de 45 minutes | E20: =INDEX(Données!$C$5:$C$13,MATCH(Novembre!D20,Données!$B$5:$B$13,0)) -> 45 | F20: Dûe
A21: F1063 | B21: 44873 | C21: A30 | D21: Séance de 45 minutes | E21: =INDEX(Données!$C$5:$C$13,MATCH(Novembre!D21,Données!$B$5:$B$13,0)) -> 45 | F21: Dûe
A22: F1064 | B22: 44873 | C22: A32 | D22: Séance de 30 minutes | E22: =INDEX(Données!$C$5:$C$13,MATCH(Novembre!D22,Données!$B$5:$B$13,0)) -> 35 | F22: Payée | G22: Virement | H22: 44895
A23: F1065 | B23: 44873 | C23: A37 | D23: Séance de 30 minutes | E23: =INDEX(Données!$C$5:$C$13,MATCH(Novembre!D23,Données!$B$5:$B$13,0)) -> 35 | F23: Payée | G23: Virement | H23: 44900
A24: F1086 | B24: 44873 | C24: A10 | D24: Séance de 30 minutes | E24: =INDEX(Données!$C$5:$C$13,MATCH(Novembre!D24,Données!$B$5:$B$13,0)) -> 35 | F24: Payée | G24: Virement | H24: 44894
A25: F1047 | B25: 44873 | C25: A33 | D25: Séance de 30 minutes | E25: =INDEX(Données!$C$5:$C$13,MATCH(Novembre!D25,Données!$B$5:$B$13,0)) -> 35 | F25: Payée
A26: F1067 | B26: 44873 | C26: A4 | D26: Séance de 45 minutes | E26: =INDEX(Données!$C$5:$C$13,MATCH(Novembre!D26,Données!$B$5:$B$13,0)) -> 45 | F26: Dûe
A27: F1045 | B27: 44873 | C27: A2 | D27: Séance de 30 minutes | E27: =INDEX(Données!$C$5:$C$13,MATCH(Novembre!D27,Données!$B$5:$B$13,0)) -> 35 | F27: Payée
A28: F1044 | B28: 44873 | C28: A17 | D28: Séance de 45 minutes | E28: =INDEX(Données!$C$5:$C$13,MATCH(Novembre!D28,Données!$B$5:$B$13,0)) -> 45 | F28: Payée
A29: F1048 | B29: 44874 | C29: A19 | D29: Séance de 45 minutes | E29: =INDEX(Données!$C$5:$C$13,MATCH(Novembre!D29,Données!$B$5:$B$13,0)) -> 45 | F29: Dûe
A30: F1066 | B30: 44874 | C30: A18 | D30: Séance de 45 minutes | E30: =INDEX(Données!$C$5:$C$13,MATCH(Novembre!D30,Données!$B$5:$B$13,0)) -> 45 | F30: Dûe
A31: F1050 | B31: 44874 | C31: A31 | D31: Séance de 30 minutes | E31: =INDEX(Données!$C$5:$C$13,MATCH(Novembre!D31,Données!$B$5:$B$13,0)) -> 35 | F31: Dûe
A32: F1051 | B32: 44874 | C32: A3 | D32: Séance de 30 minutes | E32: =INDEX(Données!$C$5:$C$13,MATCH(Novembre!D32,Données!$B$5:$B$13,0)) -> 35 | F32: Payée | G32: Virement | H32: 44900
A33: F1068 | B33: 44874 | C33: A27 | D33: Séance de 45 minutes | E33: =INDEX(Données!$C$5:$C$13,MATCH(Novembre!D33,Données!$B$5:$B$13,0)) -> 45 | F33: Payée | G33: Virement | H33: 44900
A34: F1070 | B34: 44874 | C34: A26 | D34: Séance de 45 minutes | E34: =INDEX(Données!$C$5:$C$13,MATCH(Novembre!D34,Données!$B$5:$B$13,0)) -> 45 | F34: Dûe
A35: F1052 | B35: 44874 | C35: A11 | D35: Séance de 45 minutes | E35: =INDEX(Données!$C$5:$C$13,MATCH(Novembre!D35,Données!$B$5:$B$13,0)) -> 45 | F35: Payée
A36: F1071 | B36: 44874 | C36: A21 | D36: Séance de 45 minutes | E36: =INDEX(Données!$C$5:$C$13,MATCH(Novembre!D36,Données!$B$5:$B$13,0)) -> 45 | F36: Dûe
A37: F1072 | B37: 44874 | C37: A9 | D37: Séance de 45 minutes | E37: =INDEX(Données!$C$5:$C$13,MATCH(Novembre!D37,Données!$B$5:$B$13,0)) -> 45 | F37: Dûe
A38: F1073 | B38: 44874 | C38: A14 | D38: Séance de 30 minutes | E38: =INDEX(Données!$C$5:$C$13,MATCH(Novembre!D38,Données!$B$5:$B$13,0)) -> 35 | F38: Payée | G38: Chèque | H38: 44890
A39: F1075 | B39: 44875 | C39: A15 | D39: Séance de 45 minutes | E39: =INDEX(Données!$C$5:$C$13,MATCH(Novembre!D39,Données!$B$5:$B$13,0)) -> 45 | F39: Payée | G39: Virement | H39: 44893
A40: F1078 | B40: 44876 | C40: A29 | D40: Séance de 30 minutes | E40: =INDEX(Données!$C$5:$C$13,MATCH(Novembre!D40,Données!$B$5:$B$13,0)) -> 35 | F40: Dûe
A41: F1079 | B41: 44876 | C41: A34 | D41: Séance de 45 minutes | E41: =INDEX(Données!$C$5:$C$13,MATCH(Novembre!D41,Données!$B$5:$B$13,0)) -> 45 | F41: Dûe
A42: F1054 | B42: 44876 | C42: A5 | D42: Séance de 45 minutes | E42: =INDEX(Données!$C$5:$C$13,MATCH(Novembre!D42,Données!$B$5:$B$13,0)) -> 45 | F42: Dûe
A43: F1074 | B43: 44876 | C43: A36 | D43: Séance de 45 minutes | E43: =INDEX(Données!$C$5:$C$13,MATCH(Novembre!D43,Données!$B$5:$B$13,0)) -> 45 | F43: Dûe
A44: F1049 | B44: 44876 | C44: A25 | D44: Séance de 45 minutes | E44: =INDEX(Données!$C$5:$C$13,MATCH(Novembre!D44,Données!$B$5:$B$13,0)) -> 45 | F44: Payée | G44: Chèque | H44: 44896
A45: F1057 | B45: 44879 | C45: A23 | D45: Séance de 30 minutes | E45: =INDEX(Données!$C$5:$C$13,MATCH(Novembre!D45,Données!$B$5:$B$13,0)) -> 35 | F45: Payée
A46: F1058 | B46: 44879 | C46: A8 | D46: Séance de 45 minutes | E46: =INDEX(Données!$C$5:$C$13,MATCH(Novembre!D46,Données!$B$5:$B$13,0)) -> 45 | F46: Dûe
A47: F1084 | B47: 44879 | C47: A35 | D47: Séance de 30 minutes | E47: =INDEX(Données!$C$5:$C$13,MATCH(Novembre!D47,Données!$B$5:$B$13,0)) -> 35 | F47: Payée
A48: F1073 | B48: 44879 | C48: A14 | D48: Séance de 30 minutes | E48: =INDEX(Données!$C$5:$C$13,MATCH(Novembre!D48,Données!$B$5:$B$13,0)) -> 35 | F48: Payée | G48: Chèque | H48: 44890
A49: F1059 | B49: 44879 | C49: A24 | D49: Séance de 30 minutes | E49: =INDEX(Données!$C$5:$C$13,MATCH(Novembre!D49,Données!$B$5:$B$13,0)) -> 35 | F49: Payée | G49: Virement | H49: 44900
A50: F1060 | B50: 44879 | C50: A13 | D50: Séance de 30 minutes | E50: =INDEX(Données!$C$5:$C$13,MATCH(Novembre!D50,Données!$B$5:$B$13,0)) -> 35 | F50: Dûe
A51: F1061 | B51: 44879 | C51: A28 | D51: Séance de 45 minutes | E51: =INDEX(Données!$C$5:$C$13,MATCH(Novembre!D51,Données!$B$5:$B$13,0)) -> 45 | F51: Payée | G51: Virement | H51: 44900
A52: F1085 | B52: 44879 | C52: A6 | D52: Séance de 45 minutes | E52: =INDEX(Données!$C$5:$C$13,MATCH(Novembre!D52,Données!$B$5:$B$13,0)) -> 45 | F52: Payée | G52: Virement | H52: 44894
A53: F1063 | B53: 44880 | C53: A30 | D53: Séance de 45 minutes | E53: =INDEX(Données!$C$5:$C$13,MATCH(Novembre!D53,Données!$B$5:$B$13,0)) -> 45 | F53: Dûe | H53: 44894
A54: F1064 | B54: 44880 | C54: A32 | D54: Séance de 30 minutes | E54: =INDEX(Données!$C$5:$C$13,MATCH(Novembre!D54,Données!$B$5:$B$13,0)) -> 35 | F54: Payée | G54: Virement | H54: 44895
A55: F1065 | B55: 44880 | C55: A37 | D55: Séance de 30 minutes | E55: =INDEX(Données!$C$5:$C$13,MATCH(Novembre!D55,Données!$B$5:$B$13,0)) -> 35 | F55: Payée | G55: Virement | H55: 44900
A56: F1086 | B56: 44880 | C56: A10 | D56: Séance de 30 minutes | E56: =INDEX(Données!$C$5:$C$13,MATCH(Novembre!D56,Données!$B$5:$B$13,0)) -> 35 | F56: Payée | H56: 44894
A57: F1047 | B57: 44880 | C57: A33 | D57: Séance de 30 minutes | E57: =INDEX(Données!$C$5:$C$13,MATCH(Novembre!D57,Données!$B$5:$B$13,0)) -> 35 | F57: Payée
A58: F1067 | B58: 44880 | C58: A4 | D58: Séance de 45 minutes | E58: =INDEX(Données!$C$5:$C$13,MATCH(Novembre!D58,Données!$B$5:$B$13,0)) -> 45 | F58: Dûe
A59: F1045 | B59: 44880 | C59: A2 | D59: Séance de 30 minutes | E59: =INDEX(Données!$C$5:$C$13,MATCH(Novembre!D59,Données!$B$5:$B$13,0)) -> 35 | F59: Payée
A60: F1044 | B60: 44880 | C60: A17 | D60: Séance de 45 minutes | E60: =INDEX(Données!$C$5:$C$13,MATCH(Novembre!D60,Données!$B$5:$B$13,0)) -> 45 | F60: Payée
A61: F1076 | B61: 44881 | C61: A16 | D61: Séance de 45 minutes | E61: =INDEX(Données!$C$5:$C$13,MATCH(Novembre!D61,Données!$B$5:$B$13,0)) -> 45 | F61: Dûe
A62: F1066 | B62: 44881 | C62: A18 | D62: Séance de 45 minutes | E62: =INDEX(Données!$C$5:$C$13,MATCH(Novembre!D62,Données!$B$5:$B$13,0)) -> 45 | F62: Dûe
A63: F1050 | B63: 44881 | C63: A31 | D63: Séance de 30 minutes | E63: =INDEX(Données!$C$5:$C$13,MATCH(Novembre!D63,Données!$B$5:$B$13,0)) -> 35 | F63: Dûe
A64: F1051 | B64: 44881 | C64: A3 | D64: Séance de 30 minutes | E64: =INDEX(Données!$C$5:$C$13,MATCH(Novembre!D64,Données!$B$5:$B$13,0)) -> 35 | F64: Payée | G64: Virement | H64: 44900
A65: F1068 | B65: 44881 | C65: A27 | D65: Séance de 45 minutes | E65: =INDEX(Données!$C$5:$C$13,MATCH(Novembre!D65,Données!$B$5:$B$13,0)) -> 45 | F65: Payée | G65: Virement | H65: 44900
A66: F1070 | B66: 44883 | C66: A26 | D66: Séance de 45 minutes | E66: =INDEX(Données!$C$5:$C$13,MATCH(Novembre!D66,Données!$B$5:$B$13,0)) -> 45 | F66: Dûe
A67: F1052 | B67: 44881 | C67: A11 | D67: Séance de 45 minutes | E67: =INDEX(Données!$C$5:$C$13,MATCH(Novembre!D67,Données!$B$5:$B$13,0)) -> 45 | F67: Payée
A68: F1071 | B68: 44881 | C68: A21 | D68: Séance de 45 minutes | E68: =INDEX(Données!$C$5:$C$13,MATCH(Novembre!D68,Données!$B$5:$B$13,0)) -> 45 | F68: Dûe
A69: F1072 | B69: 44881 | C69: A9 | D69: Séance de 45 minutes | E69: =INDEX(Données!$C$5:$C$13,MATCH(Novembre!D69,Données!$B$5:$B$13,0)) -> 45 | F69: Dûe
A70: F1046 | B70: 44882 | C70: A12 | D70: Séance de 45 minutes | E70: =INDEX(Données!$C$5:$C$13,MATCH(Novembre!D70,Données!$B$5:$B$13,0)) -> 45 | F70: Payée
A71: F1075 | B71: 44882 | C71: A15 | D71: Séance de 45 minutes | E71: =INDEX(Données!$C$5:$C$13,MATCH(Novembre!D71,Données!$B$5:$B$13,0)) -> 45 | F71: Payée | G71: Virement | H71: 44893
A72: F1077 | B72: 44883 | C72: A7 | D72: Séance de 30 minutes | E72: =INDEX(Données!$C$5:$C$13,MATCH(Novembre!D72,Données!$B$5:$B$13,0)) -> 35 | F72: Payée | G72: Chèque | H72: 44897
A73: F1078 | B73: 44883 | C73: A29 | D73: Séance de 30 minutes | E73: =INDEX(Données!$C$5:$C$13,MATCH(Novembre!D73,Données!$B$5:$B$13,0)) -> 35 | F73: Dûe
A74: F1079 | B74: 44883 | C74: A34 | D74: Séance de 30 minutes | E74: =INDEX(Données!$C$5:$C$13,MATCH(Novembre!D74,Données!$B$5:$B$13,0)) -> 35 | F74: Dûe
A75: F1081 | B75: 44883 | C75: A20 | D75: Séance de 30 minutes | E75: =INDEX(Données!$C$5:$C$13,MATCH(Novembre!D75,Données!$B$5:$B$13,0)) -> 35 | F75: Payée
A76: F1082 | B76: 44883 | C76: A1 | D76: Séance de 45 minutes | E76: =INDEX(Données!$C$5:$C$13,MATCH(Novembre!D76,Données!$B$5:$B$13,0)) -> 45 | F76: Dûe
A77: F1060 | B77: 44886 | C77: A13 | D77: Séance de 30 minutes | E77: =INDEX(Données!$C$5:$C$13,MATCH(Novembre!D77,Données!$B$5:$B$13,0)) -> 35 | F77: Dûe
A78: F1062 | B78: 44886 | C78: A38 | D78: Séance de 45 minutes | E78: =INDEX(Données!$C$5:$C$13,MATCH(Novembre!D78,Données!$B$5:$B$13,0)) -> 45 | F78: Dûe
A79: F1063 | B79: 44887 | C79: A30 | D79: Séance de 45 minutes | E79: =INDEX(Données!$C$5:$C$13,MATCH(Novembre!D79,Données!$B$5:$B$13,0)) -> 45 | F79: Dûe
A80: F1064 | B80: 44887 | C80: A32 | D80: Séance de 30 minutes | E80: =INDEX(Données!$C$5:$C$13,MATCH(Novembre!D80,Données!$B$5:$B$13,0)) -> 35 | F80: Payée | G80: Virement | H80: 44895
A81: F1065 | B81: 44887 | C81: A37 | D81: Séance de 30 minutes | E81: =INDEX(Données!$C$5:$C$13,MATCH(Novembre!D81,Données!$B$5:$B$13,0)) -> 35 | F81: Payée | G81: Virement | H81: 44900
A82: F1086 | B82: 44887 | C82: A10 | D82: Séance de 30 minutes | E82: =INDEX(Données!$C$5:$C$13,MATCH(Novembre!D82,Données!$B$5:$B$13,0)) -> 35 | F82: Payée | G82: Virement | H82: 44894
A83: F1047 | B83: 44887 | C83: A33 | D83: Séance de 30 minutes | E83: =INDEX(Données!$C$5:$C$13,MATCH(Novembre!D83,Données!$B$5:$B$13,0)) -> 35 | F83: Payée | J83: 11 séances
A84: F1067 | B84: 44890 | C84: A4 | D84: Séance de 45 minutes | E84: =INDEX(Données!$C$5:$C$13,MATCH(Novembre!D84,Données!$B$5:$B$13,0)) -> 45 | F84: Dûe | J84: 7 séances
A85: F1044 | B85: 44887 | C85: A17 | D85: Séance de 45 minutes | E85: =INDEX(Données!$C$5:$C$13,MATCH(Novembre!D85,Données!$B$5:$B$13,0)) -> 45 | F85: Payée
A86: F1048 | B86: 44888 | C86: A19 | D86: Séance de 45 minutes | E86: =INDEX(Données!$C$5:$C$13,MATCH(Novembre!D86,Données!$B$5:$B$13,0)) -> 45 | F86: Dûe
A87: F1066 | B87: 44888 | C87: A18 | D87: Séance de 45 minutes | E87: =INDEX(Données!$C$5:$C$13,MATCH(Novembre!D87,Données!$B$5:$B$13,0)) -> 45 | F87: Dûe
A88: F1050 | B88: 44888 | C88: A31 | D88: Séance de 30 minutes | E88: =INDEX(Données!$C$5:$C$13,MATCH(Novembre!D88,Données!$B$5:$B$13,0)) -> 35 | F88: Dûe
A89: F1051 | B89: 44888 | C89: A3 | D89: Séance de 30 minutes | E89: =INDEX(Données!$C$5:$C$13,MATCH(Novembre!D89,Données!$B$5:$B$13,0)) -> 35 | F89: Payée | G89: Virement | H89: 44900
A90: F1070 | B90: 44890 | C90: A26 | D90: Séance de 45 minutes | E90: =INDEX(Données!$C$5:$C$13,MATCH(Novembre!D90,Données!$B$5:$B$13,0)) -> 45 | F90: Dûe
A91: F1052 | B91: 44888 | C91: A11 | D91: Séance de 45 minutes | E91: =INDEX(Données!$C$5:$C$13,MATCH(Novembre!D91,Données!$B$5:$B$13,0)) -> 45 | F91: Payée
A92: F1071 | B92: 44888 | C92: A21 | D92: Séance de 45 minutes | E92: =INDEX(Données!$C$5:$C$13,MATCH(Novembre!D92,Données!$B$5:$B$13,0)) -> 45 | F92: Dûe | H92: 44896
A93: F1072 | B93: 44888 | C93: A9 | D93: Séance de 45 minutes | E93: =INDEX(Données!$C$5:$C$13,MATCH(Novembre!D93,Données!$B$5:$B$13,0)) -> 45 | F93: Dûe | H93: 44890
A94: F1049 | B94: 44888 | C94: A25 | D94: Séance de 45 minutes | E94: =INDEX(Données!$C$5:$C$13,MATCH(Novembre!D94,Données!$B$5:$B$13,0)) -> 45 | F94: Payée | G94: Chèque | H94: 44896
A95: F1073 | B95: 44888 | C95: A14 | D95: Séance de 30 minutes | E95: =INDEX(Données!$C$5:$C$13,MATCH(Novembre!D95,Données!$B$5:$B$13,0)) -> 35 | F95: Payée | G95: Chèque | H95: 44890
A96: F1046 | B96: 44889 | C96: A12 | D96: Séance de 45 minutes | E96: =INDEX(Données!$C$5:$C$13,MATCH(Novembre!D96,Données!$B$5:$B$13,0)) -> 45 | F96: Payée | H96: 44889
A97: F1075 | B97: 44889 | C97: A15 | D97: Séance de 45 minutes | E97: =INDEX(Données!$C$5:$C$13,MATCH(Novembre!D97,Données!$B$5:$B$13,0)) -> 45 | F97: Payée | G97: Virement | H97: 44893
A98: F1078 | B98: 44890 | C98: A29 | D98: Séance de 30 minutes | E98: =INDEX(Données!$C$5:$C$13,MATCH(Novembre!D98,Données!$B$5:$B$13,0)) -> 35 | F98: Dûe
A99: F1079 | B99: 44890 | C99: A34 | D99: Séance de 45 minutes | E99: =INDEX(Données!$C$5:$C$13,MATCH(Novembre!D99,Données!$B$5:$B$13,0)) -> 45 | F99: Dûe
A100: F1081 | B100: 44890 | C100: A20 | D100: Séance de 30 minutes | E100: =INDEX(Données!$C$5:$C$13,MATCH(Novembre!D100,Données!$B$5:$B$13,0)) -> 35 | F100: Payée
...

Sheet Données
B4: Libéllé | C4: Prix | E4: Statut | G4: Mode d’encaissement
B5: Séance de 30 minutes | C5: 35 | E5: Payée | G5: Espèces
B6: Séance de 45 minutes | C6: 45 | E6: Dûe | G6: Chèque
B7: Entretien préalable au bilan | C7: =190/4 -> 47.5 | G7: Virement
B8: Deuxième séance d'observation/bilan | C8: =190/4 -> 47.5
B9: Troisième séance d'observation/bilan | C9: =190/4 -> 47.5
B10: Restitution du compte-rendu de bilan | C10: =190/4 -> 47.5
B11: Préparation, rédaction et transmission d'un compte-rendu (30m) | C11: 35
B12: Préparation, rédaction et transmission d'un compte-rendu (45m) | C12: 45
B13: Participation à une réunion | C13: 45
